 Dungeon Crawl Stone Soup version 0.19-a0-1120-g42b7146 (webtiles) character file.

163 oshikia the Poker (level 5, -4/40 HPs)
             Began as a Demonspawn Gladiator on Aug 11, 2016.
             Was a Believer of Cheibriados.
             Slain by an ogre
             ... wielding a +0 giant spiked club
              (18 damage)
             ... on level 4 of the Dungeon.
             The game lasted 00:06:44 (2712 turns).

oshikia the Poker (Demonspawn Gladiator)            Turns: 2712, Time: 00:06:45

Health: -4/40      AC:  2    Str: 25    XL:     5   Next: 20%
Magic:  6/6        EV: 14    Int: 15    God:    Cheibriados [**....]
Gold:   203        SH:  0    Dex: 20    Spells: 0 memorised, 4 levels left

rFire  + . .     SeeInvis .     a - +0 trident
rCold  . . .     Gourm    .     b - +1 leather armour
rNeg   . . .     Faith    .     (no shield)
rPois  .         Spirit   .     c - +0 helmet
rElec  .         Dismiss  .     (no cloak)
rCorr  .         Reflect  .     (no gloves)
SustAt .         Harm     .     (no boots)
MR     .....                    (no amulet)
Stlth  ++........               m - -3 ring of protection (curse)
                                i - +3 ring of strength

@: very slow
A: talons 1, fire resistance 1
a: Bend Time, Renounce Religion


You were on level 4 of the Dungeon.
You worshipped Cheibriados.
Cheibriados was pleased with you.
You were very hungry.

You visited 1 branch of the dungeon, and saw 4 of its levels.

You collected 203 gold pieces.

Inventory:

Hand Weapons
 a - a +0 trident (weapon)
Missiles
 d - 3 throwing nets (quivered)
Armour
 b - a +1 leather armour (worn)
 c - a +0 helmet (worn)
Jewellery
 i - a +3 ring of strength (left hand)
 m - a cursed -3 ring of protection (right hand)
Wands
 j - a wand of flame (17/48)
 n - a wand of polymorph (10/24)
Scrolls
 g - a scroll of amnesia
Potions
 e - 2 potions of heal wounds {unknown}
 h - a potion of curing
 l - 2 potions of agility {unknown}
Comestibles
 f - 3 bread rations
 o - a meat ration
 r - 4 fruits
 s - a beef jerky


   Skills:
 + Level 2.9 Fighting
 * Level 4.1 Polearms
 - Level 1.7 Throwing
 + Level 0.8 Armour
 + Level 3.1 Dodging
 + Level 2.3 Invocations


You had 4 spell levels left.
You didn't know any spells.

Dungeon Overview and Level Annotations

Branches:
Dungeon (4/15)
 Temple: D:4-7

Altars:
Cheibriados
Dithmenos
Vehumet
Xom
Zin


Innate Abilities, Weirdness & Mutations

You have sharp toenails.
Your flesh is heat resistant. (rF+)


Message History

There is a stone staircase leading down, spattered with blood here.
You climb downwards.
Found a ring mail and 17 bolts.
There is a stone staircase leading up here.
j - a wand of flame An ogre comes into view.
It is wielding a giant spiked club.
The ogre barely misses you.
Found a small jade amulet.
An ogre is nearby!
An ogre is nearby!
You hit the ogre. You claw the ogre, but do no damage.
The ogre is lightly wounded.
The ogre hits you with a giant spiked club!!
You hit the ogre but do no damage. You claw the ogre.
The ogre is moderately wounded.
The ogre hits you with a giant spiked club!
You puncture the ogre! Your kick misses the ogre.
The ogre is heavily wounded.
The ogre hits you with a giant spiked club!!
You die...

#.#.#..####.......#
#.#.#.....#.......#
#.#.#.....#.......#
#.#.###.....(.....#
#.#......##........
#.########<........
#.#.". #....[....
#.#O# ##........
#.@.# ........#
##### ........#
.######## #.


You could see an ogre.

Vanquished Creatures
  An orc wizard (D:3)
  A gnoll (D:3)
  4 adders
  2 worms
  2 dart slugs
  4 giant geckos
  8 orcs (D:3)
  A giant cockroach (D:1)
  3 goblins
  8 hobgoblins
  5 jackals
  7 kobolds
  4 quokkas
  A ball python (D:2)
  7 bats
  4 giant newts
  7 rats
69 creatures vanquished.

Vanquished Creatures (others)
  A giant cockroach (D:2)
  A jackal (D:2)
2 creatures vanquished.

Grand Total: 71 creatures vanquished

Notes
Turn   | Place    | Note
-------+----------+-------------------------------------------
     0 | D:1      | oshikia the Demonspawn Gladiator began the quest for the Orb.
     0 | D:1      | Reached XP level 1. HP: 16/16 MP: 1/1
    35 | D:1      | Found a snail-covered altar of Cheibriados.
    41 | D:1      | Reached skill level 3 in Polearms
    51 | D:1      | Gained mutation: Your flesh is heat resistant. (rF+) [demonic ancestry]
    51 | D:1      | Reached XP level 2. HP: 6/22 MP: 2/2
   281 | D:1      | Became a worshipper of Cheibriados the Contemplative
  1110 | D:2      | Found a shadowy altar of Dithmenos.
  1113 | D:2      | Reached XP level 3. HP: 28/28 MP: 3/3
  1134 | D:2      | Found a radiant altar of Vehumet.
  1262 | D:2      | Reached * piety under Cheibriados
  1648 | D:2      | Reached XP level 4. HP: 34/34 MP: 4/4
  1656 | D:2      | Found a snail-covered altar of Cheibriados.
  1686 | D:2      | Reached skill level 1 in Invocations
  1709 | D:2      | Found a shimmering altar of Xom.
  1872 | D:3      | Reached ** piety under Cheibriados
  1931 | D:3      | Found a glowing silver altar of Zin.
  2075 | D:3      | Reached skill level 4 in Polearms
  2188 | D:3      | Gained mutation: You have sharp toenails. [demonic ancestry]
  2188 | D:3      | Reached XP level 5. HP: 32/40 MP: 6/6
  2709 | D:4      | Noticed an ogre
  2712 | D:4      | Slain by an ogre

Vault maps used:
D:1:      evilmike_arrival_run_for_it, cheibriados_altar_1
D:2:      marbit_many_paths, fiery_altar_vehumet,
          nicolae_dithmenos_shadow_blocks, xom_teletrap_fun, minmay_pentomino_q2
D:3:      overflow_temple_1_default
D:4:      led_sif_book, kennysheep_mini_moat, kennysheep_orc_chapel

Skill      XL: |  1  2  3  4  5 |
---------------+----------------+-----
Polearms       | 3 4 |  4.1
Invocations    | 1 2 |  2.3
Dodging        | 3 |  3.1
Fighting       | |  2.9
Throwing       | |  1.7
Armour         | |  0.8

Action                   |  1- 3 |  4- 6 || total
-------------------------+-------+-------++-------
Melee: Trident           |   160 |   112 ||   272
       Kick              |       |    21 ||    21
  Use: Potion            |       |     2 ||     2
       Scroll            |       |     4 ||     4
 Stab: Sleeping          |     1 |     1 ||     2
       Distracted        |       |     1 ||     1
  Eat: Chunk             |     2 |     1 ||     3
Armor: Leather armour    |    43 |    25 ||    68
Dodge: Dodged            |   103 |    55 ||   158
